AoeStats
← yenyang

Arena

506314331Analyzed
4v4 RM · 19d ago on Sep 13, 2026· 17m 35s· 8 players
Game mode
Random Map
Map size
Large (8 player)
Population
200
Speed
Normal
Resources
Standard
Victory
Conquest
Starting age
Dark Age
Ending age
Imperial Age
RankedLock teamsTeams togetherTeam positionsShared explorationLock speedFull tech treeHidden civsTurbo modeCheats
Victory
Defeat
🇺🇸 Bohemians · United States
1534
+15
🇹🇼 Teutons · Taiwan
1532
+15
1502
+16
1444
+19
🇺🇸 Saracens · United States
1636
-22
🇺🇸 Cumans · United States
1536
-17
🇺🇸 Wu · United States
1488
-15
🇺🇸 Romans · United States
1371
-11
drush
8:49 Feudal Age
10:05 Double-Bit Axe
11:03 Gold Mining
13:00 Fletching
13:59 Padded Archer Armor
Yloop not Floop
9:58 Feudal Age
8:14 Loom
15:31 Castle Age
Ro Ro Din Bat
9:31 Feudal Age
10:36 Double-Bit Axe
11:33 Loom
Lobby Link
9:13 Feudal Age
8:25 Loom
13:04 Castle Age
Fluffy Chirp
9:34 Feudal Age
10:28 Loom
13:16 Castle Age
11:35 Double-Bit Axe
[CL] Poeta Violento IX
11:34 Feudal Age
12:13 Double-Bit Axe
15:07 Castle Age
14:01 Scale Barding Armor
13:22 Man-at-Arms
14:11 Horse Collar
15:49 Forging
yenyang
5:30 Loom
8:11 Feudal Age
11:23 Fletching
12:29 Double-Bit Axe
12:57 Horse Collar
[韓粉戰隊] 鋼鐵韓粉
10:20 Feudal Age
14:02 Castle Age
12:03 Double-Bit Axe
12:30 Horse Collar
15:33 Scale Barding Armor
Connection lost

Rejoining the realm…

Still unreachable

The connection could not be restored.

Session expired

The server has moved on; the page needs a fresh start.